 Dungeon Crawl Stone Soup version 0.30-a0-358-g0d69a1922f (webtiles) character file.

Game seed: 11296522790306852383

7347 fvnkdwnf the Cleaver (level 10, -4/88 HPs)
             Began as a Minotaur Fighter on Nov 11, 2022.
             Was a High Priest of Okawaru.
             Slain by a sixfirhy (12 damage)
             ... summoned by an obsidian statue
             ... on level 10 of the Dungeon.
             The game lasted 00:17:56 (7824 turns).

fvnkdwnf the Cleaver (Minotaur Fighter)             Turns: 7824, Time: 00:17:56

Health: -4/88      AC: 16    Str: 25      XL:     10   Next: 91%
Magic:  6/11       EV: 14    Int:  6 (8)  God:    Okawaru [*****.]
Gold:   2019       SH:  5    Dex: 10      Spells: 9/9 levels left

rFire   + . .      SeeInvis .    G - +2 war axe
rCold   . . .      Faith    .    c - +0 buckler
rNeg    . . .      Spirit   .    l - +0 chain mail {rPois}
rPois   +          Reflect  .    (helmet restricted)
rElec   .          Harm     .    (no cloak)
rCorr   .          Rampage  .    F - +1 pair of gloves "Piwomeg" {Int+3}
Will    .....                    D - +2 pair of boots
Stlth   ..........               t - amulet of regeneration
HPRegen 1.14/turn                h - ring of protection from fire
MPRegen 0.12/turn                j - +4 ring of evasion

@: mighty, on fire, finesse-ful, mesmerised, glowing, studying Axes
A: horns 2, retaliatory headbutt
a: Renounce Religion, Heroism, Finesse, Duel


You were on level 10 of the Dungeon.
You worshipped Okawaru.
Okawaru was extremely pleased with you.
You visited 2 branches of the dungeon, and saw 11 of its levels.
You also visited: Sewer.

You collected 2019 gold pieces.

Inventory:

Hand Weapons
 G - a +2 war axe (weapon)
Missiles
 y - 2 throwing nets (quivered)
Armour
 c - a +0 buckler (worn)
 k - a +0 kite shield
 l - a +0 chain mail of poison resistance (worn)
 D - a +2 pair of boots (worn)
 E - the +6 tower shield of the Wild Haggis {Int+4 Dex+7}
   (You found it on level 7 of the Dungeon)

   Int:       It affects your intelligence (+4).
   Dex:       It affects your dexterity (+7).
 F - the +1 pair of gloves "Piwomeg" (worn) {Int+3}
   (You found it on level 8 of the Dungeon)

   Int:       It affects your intelligence (+3).
Jewellery
 h - a ring of protection from fire (left hand)
 j - a +4 ring of evasion (right hand)
 p - a ring of protection from cold
 t - an amulet of regeneration (around neck)
Wands
 a - a wand of polymorph (8)
 u - a wand of flame (5)
 w - a wand of roots (7)
 x - a wand of light (6)
Scrolls
 i - 4 scrolls of teleportation
 q - 2 scrolls of immolation
 s - 2 scrolls of fear
Potions
 b - a potion of berserk rage
 d - 4 potions of might
 e - a potion of brilliance
 f - a potion of magic {unknown}
 g - 11 potions of curing
 m - a potion of resistance
 n - a potion of ambrosia
 o - 2 potions of invisibility
 r - 3 potions of lignification
 v - a potion of flight
 z - 3 potions of cancellation
 A - 2 potions of haste
 B - 4 potions of heal wounds
 C - 6 potions of mutation {unknown}


   Skills:
 + Level 8.0 Fighting
 + Level 14.3 Axes
 + Level 8.0 Armour
 + Level 6.3 Dodging
 + Level 7.9 Shields
 + Level 3.4 Invocations


You had 9 spell levels left.
You didn't know any spells.
Your spell library contained the following spells:

 Spells                   Type           Power      Damage    Failure   Level
 Apportation              Tloc           0%         N/A       98%         1
 Magic Dart               Conj           0%         1d3       98%         1
 Mephitic Cloud           Conj/Pois/Air  0%         N/A       100%        3
 Ozocubu's Armour         Ice            0%         N/A       100%        3
 Alistair's Intoxication  Tmut/Pois      0%         N/A       100%        5
 Eringya's Noxious Bog    Tmut/Pois      0%         N/A       100%        6
 Ozocubu's Refrigeration  Ice            0%         4d7       100%        7
 Summon Small Mammal      Summ           Unusable   N/A       N/A         1
 Call Imp                 Summ           Unusable   N/A       N/A         2
 Call Canine Familiar     Summ           Unusable   N/A       N/A         3
 Summon Guardian Golem    Hex/Summ       Unusable   N/A       N/A         3
 Summon Forest            Summ/Tloc      Unusable   N/A       N/A         5
 Summon Hydra             Summ           Unusable   N/A       N/A         7

Dungeon Overview and Level Annotations

Branches:
Dungeon (10/15)            Temple (1/1) D:7            Lair (0/5) D:10
  Sewer (visited)
    Orc: D:9-12

Altars:
Cheibriados
Elyvilon
Fedhas
Gozag
Kikubaaqudgha
Makhleb
Nemelex Xobeh
Okawaru
Qazlal
Ru
Sif Muna
Vehumet
Xom
Zin

Shops:
D:7 *   D:9 [

Annotations:
D:10 exclusion: obsidian statue


Innate Abilities, Weirdness & Mutations

You have a pair of horns on your head.
You reflexively headbutt those who attack you in melee.


Message History

Unknown command.
You hit the obsidian statue.
The obsidian statue is heavily damaged.
You completely miss the smoke demon. You miss the crimson imp.
You barely miss the smoke demon. You miss the sixfirhy.
You are covered in liquid flames!
The sixfirhy hits you but does no damage.
The sixfirhy barely misses you. You furiously retaliate!
You headbutt the sixfirhy!
You hit the obsidian statue but do no damage.
The obsidian statue is heavily damaged.
You slash the smoke demon! You miss the crimson imp. You slash the smoke demon!
You barely miss the sixfirhy.
You are covered in liquid flames!
The sixfirhy closely misses you. You furiously retaliate!
You headbutt the sixfirhy!!
The obsidian statue's eyes glow briefly.
The smoke demon gestures at you. Something smites you!
* * * LOW HITPOINT WARNING * * *
You slash the obsidian statue!
The obsidian statue is severely damaged.
You slash the quasit!
You kill the quasit!
The quasit disappears in a puff of smoke!
You hit the smoke demon.
You kill the smoke demon!
The smoke demon disappears in a puff of smoke!
You slash the crimson imp!
You kill the crimson imp!
The crimson imp disappears in a puff of smoke!
You barely miss the smoke demon. You completely miss the sixfirhy.
You are covered in liquid flames!
The quasit disappears in a puff of smoke!
The sixfirhy closely misses you. You block the smoke demon's attack.
The smoke demon hits you but does no damage.
You block the smoke demon's attack. The sixfirhy hits you.
* * * LOW HITPOINT WARNING * * *
The sixfirhy shocks you!
You die...

,,,#...#,,,#........#,,*...,,,*,,
**+##..######+#.....####.#**,,*,,
*,,,#..#.................#,,,,,,,
*,,,#..#.................#,,,,***
*,,,#<.#,,.##+#..#......>#,,,,*,,
*,,,####,,,#....###......#,,,,*,,
*,,,,,,,,,,#...##[##.....#,,,,**+
*,,,,,,,,,,#..##§3.##....#,,,,*,,
**+*****,,,#.##§@85)#....#,,,,*,,
,,,,+,,*,,,#.#..3§.##....#,,,,*,,
,,,,*,,*,,,#.....§##.....#,,,,*,,
*,,*****,,,#.....##......#,,,,,,,
,,,,,,,*,,......##.......#,,,,,,,
,<,,,,,*...#...##........#,,,>,,,
*,,*,,,#...#..##.....#...#,,,,*,,
*,,*,,,#..,#..#?....##...#,,,,*,,
+,,*,,,#..,#..##...##....#,,,,*,,


You could see an obsidian statue (mesmerising), a sixfirhy (summoned), a smoke
demon (summoned) and a shadow imp (summoned).

Vanquished Creatures
  Lodul (D:10)
  An orange crystal statue (D:10)
  Maggie (D:6)
  Grinder (D:4)
  Sigmund (D:3)
  2 wyverns
  3 yaks (D:7)
  2 steam dragons (D:10)
  4 vampire mosquitoes (D:10)
  Menkaure (D:7)
  3 water moccasins
  A sky beast (D:8)
  10 ogres
  A centaur (D:9)
  4 kobold brigands
  4 phantoms
  2 necrophages
  3 bullfrogs
  A scorpion (D:4)
  12 wights
  5 killer bees (D:8)
  2 howler monkeys
  4 hounds
  A gnoll bouda (D:9)
  6 orc priests
  2 jellies
  Terence (D:2)
  5 iguanas
  4 orc wizards
  4 gnolls (D:9)
  2 river rats
  14 adders
  A shadow imp (D:6)
  A white imp (D:6)
  An ufetubus (D:6)
  3 worms
  A dart slug (D:1)
  31 orcs
  7 endoplasms
  2 giant cockroaches
  7 goblins
  4 hobgoblins
  2 jackals (D:1)
  2 quokkas
  11 ball pythons
  3 bats
  3 frilled lizards
  28 kobolds
  3 rats
218 creatures vanquished.

Vanquished Creatures (others)
  A white imp (D:6)
  14 plants (D:3)
15 creatures vanquished.

Grand Total: 233 creatures vanquished

Notes
Turn   | Place    | Note
-------+----------+-------------------------------------------
     0 | D:1      | fvnkdwnf the Minotaur Fighter began the quest for the Orb.
     0 | D:1      | Reached XP level 1. HP: 19/19 MP: 0/0
   309 | D:1      | Found a faded altar of an unknown god.
   315 | D:1      | Reached XP level 2. HP: 27/27 MP: 1/1
   750 | D:2      | Noticed Terence
   752 | D:2      | Killed Terence
   753 | D:2      | Reached skill level 1 in Dodging
   753 | D:2      | Reached XP level 3. HP: 33/33 MP: 2/2
   757 | D:2      | Reached skill level 3 in Axes
  1241 | D:2      | Reached XP level 4. HP: 40/40 MP: 3/3
  1617 | D:3      | Noticed Sigmund
  1630 | D:3      | Killed Sigmund
  1631 | D:3      | Reached XP level 5. HP: 27/47 MP: 4/4
  1857 | D:3      | Reached skill level 4 in Axes
  1858 | D:3      | Reached XP level 6. HP: 54/55 MP: 5/5
  1998 | D:3      | Found an iron altar of Okawaru.
  2010 | D:3      | Became a worshipper of Warmaster Okawaru
  2608 | D:4      | Noticed Grinder
  2611 | D:4      | Reached skill level 5 in Fighting
  2611 | D:4      | Reached skill level 5 in Armour
  2611 | D:4      | Reached skill level 5 in Shields
  2622 | D:4      | Paralysed by Grinder for 5 turns
  2632 | D:4      | Killed Grinder
  2632 | D:4      | Reached * piety under Okawaru
  2633 | D:4      | Reached XP level 7. HP: 45/61 MP: 6/6
  2784 | D:4      | Reached skill level 5 in Axes
  2794 | D:4      | Found a white marble altar of Elyvilon.
  3014 | D:4      | Found a sacrificial altar of Ru.
  3066 | D:4      | Reached XP level 8. HP: 68/70 MP: 7/7
  3153 | D:4      | Reached ** piety under Okawaru
  3267 | D:5      | Entered Level 5 of the Dungeon
  3361 | D:5      | Found a blossoming altar of Fedhas.
  3412 | D:5      | Found a glowing drain.
  3435 | Sewer    | Entered a sewer
  3744 | D:5      | Identified 2 scrolls of acquirement
  3744 | D:5      | Acquired 922 gold pieces
  3858 | D:5      | Reached skill level 6 in Axes
  4044 | D:5      | Found a radiant altar of Vehumet.
  4071 | D:5      | Found an ancient bone altar of Kikubaaqudgha.
  4072 | D:5      | Found a shimmering blue altar of Sif Muna.
  4113 | D:6      | Reached skill level 7 in Axes
  4185 | D:6      | Reached *** piety under Okawaru
  4187 | D:6      | Reached skill level 8 in Axes
  4304 | D:6      | Found a burning altar of Makhleb.
  4333 | D:6      | Found a shimmering altar of Xom.
  4503 | D:6      | Reached skill level 9 in Axes
  4510 | D:6      | Reached XP level 9. HP: 65/78 MP: 8/8
  4614 | D:6      | Noticed Maggie
  4629 | D:6      | Killed Maggie
  4630 | D:6      | Reached skill level 10 in Axes
  4937 | D:7      | Found a staircase to the Ecumenical Temple.
  4971 | Temple   | Entered the Ecumenical Temple
  5001 | D:7      | Found a stormy altar of Qazlal.
  5031 | D:7      | Reached skill level 11 in Axes
  5045 | D:7      | Reached **** piety under Okawaru
  5054 | D:7      | Reached skill level 12 in Axes
  5087 | D:7      | Noticed Menkaure
  5094 | D:7      | Killed Menkaure
  5286 | D:7      | Identified the +6 tower shield of the Wild Haggis {Int+4
                  | Dex+7}
  5395 | D:7      | Reached skill level 13 in Axes
  5475 | D:7      | Found Cajuas's Mass Market.
  5683 | D:8      | Acquired a manual of Axes
  6066 | D:8      | You fall into a shaft and drop 2 floors!
  6066 | D:10     | Entered Level 10 of the Dungeon
  6124 | D:8      | Reached skill level 5 in Dodging
  6124 | D:8      | Reached XP level 10. HP: 84/84 MP: 9/9
  6163 | D:8      | Reached skill level 1 in Invocations
  6380 | D:8      | Identified the +1 pair of gloves "Piwomeg" {Int+3}
  6539 | D:9      | Found Erlang's Dragon-Slaying Spoils.
  6747 | D:9      | Reached ***** piety under Okawaru
  6957 | D:10     | Found a staircase to the Lair.
  7118 | D:10     | Noticed Lodul
  7123 | D:10     | Killed Lodul
  7133 | D:10     | Reached skill level 14 in Axes
  7361 | D:10     | Found a sparkling altar of Nemelex Xobeh.
  7361 | D:10     | Found an opulent altar of Gozag.
  7494 | D:10     | Noticed an orange crystal statue
  7691 | D:10     | Killed an orange crystal statue
  7809 | D:10     | Noticed an obsidian statue
  7813 | D:10     | Noticed a rust devil
  7813 | D:10     | Noticed a smoke demon
  7815 | D:10     | Noticed a sixfirhy
  7815 | D:10     | Noticed a smoke demon
  7824 | D:10     | Slain by a sixfirhy

Illustrated notes

Levels and vault maps discovered:
D:1:      sevenhm_arrival_forest_fort_small_3, layout_loops_ring,
          shapermc_ecumenical_altar_mp_highgroup
D:2:      layout_loops_corners, serial_glass, glass_columns_b, glass_columns_b,
          glass_columns_b, glass_columns_a, glass_columns_c, uniq_terence
D:3:      layout_loops_ring, hellmonk_okawaru_the_only_friend_you_need,
          serial_bayou_lagoon_a, uniq_sigmund
D:4:      layout_basic, elyvilon_altar_4, lemuel_crystal_altar,
          kennysheep_diamond, chequers_decorated_corner, uniq_grinder
D:5:      layout_rooms, grunt_temple_overflow_magic_moments,
          mainiacjoe_overflow_alcove_4, portal_sewer_entry_b
D:6:      layout_rooms, bloody_makhleb, tgw_xom, minmay_circle_x, uniq_maggie
D:7:      layout_loops_ring, nicolae_qazlal_scattered_showers,
          minmay_temple_entry_grid, minmay_shop_mass, kennysheep_small_circle,
          uniq_menkaure
D:8:      layout_basic
D:9:      layout_cave_pools, nicolae_shop_dragon_depot
D:10:     minmay_separated_statues, layout_grid_maze,
          nicolae_uskayaw_dance_studio, grunt_temple_overflow_opulence,
          lair_entry_dummy, serial_shops, shop, uniq_lodul
Temple:   chequers_temple_sunken

Skill      XL: |  1  2  3  4  5  6  7  8  9 10 |
---------------+-------------------------------+-----
Fighting       | 4 5 6 8 |  8.0
Armour         | 4 5 6 8 |  8.0
Dodging        | 1 2 3 4 5 6 |  6.3
Shields        | 4 5 6 7 |  7.9
Axes           | 3 4 5 9 13 14 | 14.3
Invocations    | 3 |  3.4

Action                   |  1- 3 |  4- 6 |  7- 9 | 10-12 || total
-------------------------+-------+-------+-------+-------++-------
Melee: War axe           |    48 |    76 |   336 |   181 ||   641
       Headbutt          |    10 |    10 |    51 |    35 ||   106
Invok: Finesse           |       |       |       |     1 ||     1
  Use: Scroll            |       |       |    20 |     4 ||    24
       Potion            |       |       |     1 |     2 ||     3
Armor: Scale mail        |     6 |       |       |       ||     6
       Chain mail        |    17 |    30 |   132 |    85 ||   264
Dodge: Dodged            |    29 |    30 |   167 |   145 ||   371
Block: Buckler           |    10 |    16 |    73 |    55 ||   154

Table legend: (Time is in decaauts)
 A = Elapsed time spent in this place.
 B = Non-inter-level travel time spent in this place.
 C = Inter-level travel time spent in this place.
 D = Time resting spent in this place.
 E = Time spent auto-exploring this place.
 F = Levels seen in this place.
 G = Mean time per level.
                   A        B        C        D        E       F      G
               +--------+--------+--------+--------+--------+-----+--------+
         Total |   7973 |   7588 |    385 |    144 |   5925 |  12 |  664.4 |
       Dungeon |   7602 |   7218 |    384 |    144 |   5679 |  10 |  760.2 |
        Temple |      1 |      1 |      0 |      0 |      0 |   1 |    1.0 |
         Sewer |    369 |    369 |      0 |      0 |    245 |   1 |  369.0 |
               +--------+--------+--------+--------+--------+-----+--------+

Top non-repeatable levels by time:
     D:3: 1165 daAuts
    D:10: 861 daAuts
     D:2: 785 daAuts
     D:7: 775 daAuts
     D:1: 756 daAuts
     D:6: 725 daAuts
     D:4: 717 daAuts
     D:8: 678 daAuts
     D:9: 568 daAuts
     D:5: 567 daAuts
   Sewer: 369 daAuts
  Temple: 1 daAuts
